 Dungeon Crawl Stone Soup version 0.30.0-5-g1a98f26d00 (webtiles) character file.

Game seed: 7736918977843953356

5 SnakkuSnakku7 the Gusty (level 1, -2/16 HPs)
             Began as a Hill Orc Air Elementalist on May 12, 2023.
             Slain by a ball python (3 damage)
             ... on level 1 of the Dungeon.
             The game lasted 00:00:25 (88 turns).

SnakkuSnakku7 the Gusty (Hill Orc Air Elementalist)   Turns: 88, Time: 00:00:25

Health: -2/16      AC:  2    Str: 10    XL:     1   Next: 80%
Magic:  3/3        EV: 12    Int: 15    God:
Gold:   0          SH:  0    Dex: 11    Spells: 2/3 levels left

rFire   . . .        c - +0 falchion (freeze)
rCold   . . .        (no shield)
rNeg    . . .        a - +0 robe
rPois   .            (no helmet)
rElec   .            (no cloak)
rCorr   .            (no gloves)
SInv    .            (no boots)
Will    .....        (no amulet)
Stlth   ++           (no ring)
HPRegen 0.22/turn    (no ring)
MPRegen 0.08/turn

%: no passive effects
@: no status effects
A: no striking features
a: no special abilities


You were on level 1 of the Dungeon.
You visited 1 branch of the dungeon, and saw 1 of its levels.

Inventory:

Hand Weapons
 c - a +0 falchion of freezing (weapon)
Armour
 a - a +0 robe (worn)
Potions
 b - a potion of magic


   Skills:
 + Level 1.6 Fighting
 - Level 1.5 Dodging
 - Level 1.5 Stealth
 - Level 1.5 Spellcasting
 - Level 1.0 Conjurations
 - Level 2.4 Air Magic


You had 2 spell levels left.
You knew the following spells:

 Your Spells              Type           Power      Damage    Failure   Level
a - Shock                 Conj/Air       24%        1d4       12%         1

Your spell library contained the following spells:

 Spells                   Type           Power      Damage    Failure   Level
 Static Discharge         Conj/Air       12%        2-3/arc   17%         2
 Swiftness                Air            8%         N/A       26%         3
 Airstrike                Air            4%         2d(1-17)  65%         4


Dungeon Overview and Level Annotations

Branches:
Dungeon (1/15)

Altars:


Message History

You kill the endoplasm! 2 ball pythons come into view.
A giant cockroach comes into view.
There are monsters nearby!
There are monsters nearby!
A kobold comes into view. It is wielding a +0 short sword.
Found a fuming ruby potion.
The ball python hisses angrily.
The kobold shouts!
The ball python hisses angrily.
You hear a shout!
The ball python barely misses you. The ball python completely misses you.
The ball python misses you. x2; The ball python bites you.
The ball python grabs you. The ball python constricts you.
You barely miss the ball python. The ball python misses you.
The ball python bites you. The ball python constricts you.
The ball python misses you. The giant cockroach bites you.
The ball python's grasp on you weakens, but your attempt to escape fails.
The ball python barely misses you. The ball python constricts you.
The ball python bites you but does no damage.
A hobgoblin comes into view.
The giant cockroach barely misses you.
You barely miss the ball python. The ball python barely misses you.
The ball python constricts you.
The ball python bites you but does no damage.
The giant cockroach barely misses you. The ball python closely misses you.
The ball python constricts you. The ball python barely misses you.
You barely miss the ball python.
The giant cockroach bites you but does no damage.
The ball python bites you. The ball python constricts you.
The ball python bites you.
* * * LOW HITPOINT WARNING * * *
The giant cockroach barely misses you. The ball python bites you.
* * * LOW HITPOINT WARNING * * *
The ball python constricts you.
You escape the ball python's grasp.
Unknown command.
Okay, then.
You hit the ball python.
The ball python seems to slow down.
You freeze the ball python.
You kill the ball python!
The ball python bites you.
You die...

.....#. ## ..!.... .
.......#.... ............
......##.# .g..##.##.# #.
#BK...)...... #S##$# ....
#@##.##..... #...........
#. ####.#.##.(. #. #.# #
#.#### #.# #....## #.# ##
### ####.....####.#..+###
###'.
......>..........#..###..#.
###.....######.##.......#.


You could see a giant cockroach, a hobgoblin, a ball python and a kobold.

Vanquished Creatures
  A ball python (D:1)
  2 endoplasms (D:1)
  A hobgoblin (D:1)
  A bat (D:1)
  A rat (D:1)
6 creatures vanquished.

Notes
Turn   | Place    | Note
-------+----------+-------------------------------------------
     0 | D:1      | SnakkuSnakku7 the Hill Orc Air Elementalist began the quest
                  | for the Orb.
     0 | D:1      | Reached XP level 1. HP: 14/14 MP: 3/3
    15 | D:1      | Found a faded altar of an unknown god.
    43 | D:1      | Reached skill level 1 in Fighting
    88 | D:1      | Slain by a ball python

Illustrated notes

Levels and vault maps discovered:
D:1:      amcnicky_arrival_wind_blow, layout_loops_ring,
          hellmonk_ecumenical_altar_slurped_away

Skill      XL: |  1 |
---------------+----+-----
Fighting       | 1 |  1.6
Dodging        | |  1.5
Stealth        | |  1.5
Spellcasting   | |  1.5
Conjurations   | |  1.0
Air Magic      | |  2.4

Action                     || total
---------------------------++-------
  Melee: Falchion          ||    22
   Cast: Shock             ||     1
 Armour: Robe              ||    15
  Dodge: Dodged            ||    21
